 Dungeon Crawl Stone Soup version 0.16-a0-3074-gc0bb631 (webtiles) character file.

10945 PolkaDot the Summoner (level 11, -18/77 HPs)
             Began as a Vampire Summoner on Dec 11, 2014.
             Was an Elder of Sif Muna.
             Demolished by an ettin
             ... wielding a cursed -2 dire flail
              (27 damage)
             ... on level 12 of the Dungeon.
             The game lasted 01:12:10 (12051 turns).

PolkaDot the Summoner (Vampire Summoner)           Turns: 12051, Time: 01:12:10

Health: -18/77     AC: 10    Str:  7    XL:     11   Next: 42%
Magic:  10/20      EV: 12    Int: 23    God:    Sif Muna [****..]
Gold:   814        SH:  0    Dex: 14    Spells: 5 memorised, 2 levels left

rFire  + + .     SeeInvis +     y - +1 quarterstaff
rCold  . . .     Clarity  +     T - +2 leather armour {rF+}
rNeg   . . .     SustAb   .     (no shield)
rPois  .         Gourm    .     V - +0 hat {Int+3}
rElec  .         Spirit   .     z - +2 cloak
rCorr  .         Warding  .     H - +0 pair of gloves
rMut   .         Stasis   .     a - +0 pair of boots
MR     +....                    K - amulet of clarity
Stlth  ++........               f - ring of protection from fire
                                c - ring of wizardry

@: regenerating quickly, somewhat resistant to hostile enchantments, unstealthy
A: bottle blood, fangs 3, see invisible, unbreathing
a: Channel Energy, Forget Spell, Renounce Religion


You were on level 12 of the Dungeon.
You worshipped Sif Muna.
Sif Muna was greatly pleased with you.
You were very full.

You visited 2 branches of the dungeon, and saw 13 of its levels.

You collected 1014 gold pieces.
You spent 200 gold pieces at shops.

Inventory:

Hand weapons
 y - a +1 quarterstaff (weapon)
Missiles
 U - a throwing net (quivered)
Armour
 a - a +0 pair of boots (worn)
 z - a +2 cloak (worn)
 H - a +0 pair of gloves (worn)
 T - a +2 leather armour of fire resistance (worn)
 V - a +0 hat of intelligence (worn)
Jewellery
 c - a ring of wizardry (left hand)
 f - a ring of protection from fire (right hand)
 B - an uncursed ring of ice
 K - an amulet of clarity (around neck)
Magical devices
 k - a wand of magic darts (27)
 x - a wand of flame (31)
 I - a wand of draining (1)
 L - a wand of magic darts (7)
 M - a wand of confusion (8)
 P - a wand of polymorph (9)
 R - a wand of digging (17)
Scrolls
 d - 2 scrolls of enchant weapon
 e - a scroll of random uselessness {unknown}
 g - a scroll of identify
 m - 4 scrolls of teleportation
 n - a scroll of recharging {unknown}
 o - a scroll of fog
 p - a scroll of remove curse
 q - a scroll of noise
 t - a scroll of blinking
 A - 2 scrolls of immolation
 G - a scroll of vulnerability {unknown}
 S - a scroll of fear {unknown}
Potions
 h - a potion of agility
 i - a potion of restore abilities
 s - 29 potions of blood {@*1}
 u - 2 potions of might
 w - 2 potions of haste
 D - 2 potions of magic
 E - 3 potions of heal wounds {unknown}
 F - a potion of flight {unknown}
 J - 2 potions of brilliance
 N - a potion of lignification {unknown}
 O - a potion of curing
 X - a potion of invisibility
Books
 b - a Grand Grimoire {highlevel, unknown}

   This book is beyond your current level of understanding.

   Spells                             Type                      Level
   a - Aura of Abjuration             Summoning                    6
   b - Forceful Dismissal             Summoning                    6
   c - Summon Greater Demon           Summoning                    7
   d - Malign Gateway                 Summoning/Translocation      7
   e - Summon Horrible Things         Summoning                    8
 j - a book of Dreams

   Spells                             Type                      Level
   a - Ensorcelled Hibernation        Hexes/Ice                    2
   b - Flight                         Charms/Air                   3
   c - Phase Shift                    Translocation                5
   d - Shadow Creatures               Summoning                    5
   e - Mass Confusion                 Hexes                        6
   f - Darkness                       Hexes                        7
 l - a Grand Grimoire {highlevel, unknown}

   This book is beyond your current level of understanding.

   Spells                             Type                      Level
   a - Aura of Abjuration             Summoning                    6
   b - Forceful Dismissal             Summoning                    6
   c - Summon Greater Demon           Summoning                    7
   d - Malign Gateway                 Summoning/Translocation      7
   e - Summon Horrible Things         Summoning                    8
 r - a book of the Warp

   Spells                             Type                      Level
   a - Recall                         Summoning/Translocation      3
   b - Control Teleport               Charms/Translocation         4
   c - Force Lance                    Conjuration/Translocation    4
   d - Phase Shift                    Translocation                5
   e - Warp Weapon                    Charms/Translocation         5
   f - Summon Forest                  Summoning/Translocation      5
   g - Gell's Gravitas                Hexes/Translocation          6
 v - a book of Callings

   Spells                             Type                      Level
   a - Summon Small Mammal            Summoning                    1
   b - Call Imp                       Summoning                    2
   c - Call Canine Familiar           Summoning                    3
   d - Summon Guardian Golem          Hexes/Summoning              4
   e - Summon Lightning Spire         Summoning/Air                4
   f - Summon Ice Beast               Ice/Summoning                4
 C - a book of Hinderance

   Spells                             Type                      Level
   a - Confusing Touch                Hexes                        2
   b - Confuse                        Hexes                        3
   c - Petrify                        Transmutation/Earth          4
   d - Metabolic Englaciation         Hexes/Ice                    5
   e - Summon Mana Viper              Hexes/Summoning              5
   f - Gell's Gravitas                Hexes/Translocation          6
 Q - a book of Necromancy

   Spells                             Type                      Level
   a - Pain                           Necromancy                   1
   b - Animate Skeleton               Necromancy                   1
   c - Vampiric Draining              Necromancy                   3
   d - Regeneration                   Charms/Necromancy            3
   e - Animate Dead                   Necromancy                   4
   f - Control Undead                 Necromancy                   4


   Skills:
 - Level 4.2 Fighting
   Level 1.0 Short Blades
 * Level 9.8 Staves
 - Level 2.1 Dodging
 - Level 3.0 Stealth
 + Level 3.5 Spellcasting
 - Level 5.4 Hexes
 + Level 11.0 Summonings
 - Level 5.0 Ice Magic
 - Level 2.8 Invocations


You had 2 spell levels left.
You knew the following spells:

 Your Spells              Type           Power        Failure   Level  Hunger
a - Summon Small Mammal   Summ           ####         1%          1    None
d - Call Canine Familiar  Summ           ######..     1%          3    ###....
i - Summon Ice Beast      Ice/Summ       #####...     2%          4    ####...
s - Call Imp              Summ           ######..     1%          2    #......
v - Summon Mana Viper     Hex/Summ       #####...     4%          5    ######.


Dungeon Overview and Level Annotations

Branches:
Dungeon (12/15)            Temple (1/1) D:5            Lair (0/8) D:8
    Orc (0/4) D:11

Altars:
Ashenzari
Cheibriados
Dithmenos
Elyvilon
Fedhas
Gozag
Kikubaaqudgha
Makhleb
Nemelex Xobeh
Okawaru
Qazlal
Ru
Sif Muna
Trog
Vehumet
Xom
Yredelemnul
Zin
The Shining One

Shops:
D:4 =}:*   D:10 (

Annotations:
D:12 runed door


Innate Abilities, Weirdness & Mutations

Your natural rate of healing is unusually fast.
You can bottle blood from corpses.
You have razor-sharp teeth.
You have supernaturally acute eyesight.
You can survive without breathing.


Message History

Being near the torpor snail leaves you feeling lethargic.
The torpor snail changes into a cyclops!
Your wolf is no longer moving slowly.
Casting: Summon Mana Viper
Confirm with . or Enter, or press ? or * to list all spells.
A mana viper appears with a sibilant hiss.
You feel yourself speed up. The ettin hits you with a dire flail!!
* * * LOW HITPOINT WARNING * * *
The ettin hits you with a dire flail.
* * * LOW HITPOINT WARNING * * *
Something unseen opens the door.
Your wolf bites the ettin.
Casting: Summon Mana Viper
Confirm with . or Enter, or press ? or * to list all spells.
You miscast Summon Mana Viper.
Sif Muna protects you from the effects of your miscast!
Your wolf bites the ettin.
The ettin hits you with a dire flail!!!
* * * LOW HITPOINT WARNING * * *
The ettin hits you with a dire flail!!
You die...

#.# #.........######### ######.#
#.................#
#......####.................###
#..............................
#.#####.......+.+#.............
#.#..)#......#.................
#.#..)'.................#......
#.#...#.....##########..#......
#.#...#.....#h@#8.#..#..#......
#.#...#<....#.C'.8').#.##....[.
#.#...#.....##S####'##.........
###.#####..#..#.C# #..#:(.......
...........#..#..o #).#.#.......
#####......#..#######'##Y#.......
#......#(.#..'..((.#.#.......
#......#.['..#..#..#.#.......
#####......#..##########.#.......


You could see an ettin, a cyclops shaped shifter, an orc warrior, a friendly
mana viper and a friendly wolf.

Vanquished Creatures
  A yaktaur captain (D:12)
  2 centaur zombies
  Psyche (D:8)
  A yak (D:9)
  2 vampire mosquitoes (D:12)
  A hippogriff (D:7)
  A hungry ghost (D:7)
  An orc warrior (D:7)
  An ice beast (D:5)
  2 phantoms
  2 ogres
  4 sky beasts
  An eye of draining (D:10)
  2 centaurs
  2 big kobolds
  4 giant frogs
  A water moccasin skeleton (D:11)
  3 scorpions
  2 killer bees (D:9)
  A goliath beetle (D:6)
  8 crimson imps
  2 jellies
  2 orc priests
  4 hounds
  4 orc wizards
  5 worker ants
  A hound zombie (D:6)
  2 mummies
  Robin (D:3)
  20 adders
  2 gnolls (D:8)
  A shadow imp (D:5)
  2 giant mites
  5 worms
  An adder skeleton (D:8)
  An adder zombie (D:5)
  2 giant geckos
  2 oozes (D:5)
  19 orcs
  10 bats
  A bat skeleton (D:6)
  18 goblins
  13 hobgoblins
  3 jackals (D:3)
  3 quokkas
  6 ball pythons (D:2)
  3 giant cockroaches
  4 giant newts
  A jackal skeleton (D:6)
  20 kobolds
  A quokka skeleton (D:4)
  12 rats
  2 ballistomycetes (D:10)
216 creatures vanquished.

Vanquished Creatures (collateral kills)
  Gastronok (D:12)
  Urug (D:10)
  The ghost of runewalsh the Martial Artist, an experienced OpTm (D:7)
  2 hill giants (D:12)
  A deep elf conjurer (D:12)
  2 ugly things
  A cyclops (D:12)
  A gargoyle (D:12)
  2 trolls
  A merfolk (D:10)
  A two-headed ogre (D:8)
  A blink frog (D:8)
  14 yaks
  A wyvern (D:11)
  A hungry ghost (D:9)
  A hippogriff (D:12)
  A vampire mosquito (D:12)
  Edmund (D:8)
  A yellow wasp (D:11)
  A sky beast (D:7)
  3 orc warriors
  A necrophage (D:11)
  2 ice beasts
  5 ogres
  A centaur (D:11)
  2 crocodiles (D:8)
  2 giant frogs
  A gnoll sergeant (D:12)
  A wyvern zombie (D:9)
  4 killer bees (D:9)
  4 wights (D:10)
  A scorpion (D:7)
  A goliath beetle (D:11)
  2 crimson imps
  A hound (D:12)
  A jelly (D:12)
  3 orc priests
  3 orc wizards
  9 gnolls
  7 adders
  2 worms
  5 giant geckos
  20 orcs
  A bat skeleton (D:4)
  3 giant cockroaches
  7 goblins
  4 hobgoblins
  A quokka (D:12)
  5 bats
  A giant spore (D:10)
  A kobold (D:2)
  A plant (D:3)
141 creatures vanquished.

Vanquished Creatures (others)
  2 mana vipers
  2 ice beasts
  4 wolves
  2 crimson imps
  3 hounds
  A white imp (D:4)
  3 jackals (D:1)
  A quokka (D:8)
  A rat (D:1)
19 creatures vanquished.

Grand Total: 376 creatures vanquished

Notes
Turn   | Place    | Note
--------------------------------------------------------------
     0 | D:1      | PolkaDot, the Vampire Summoner, began the quest for the Orb.
     0 | D:1      | Reached XP level 1. HP: 13/13 MP: 3/3
   857 | D:1      | Reached skill level 1 in Fighting
   952 | D:1      | Reached XP level 2. HP: 14/21 MP: 1/4
   967 | D:1      | Learned a level 2 spell: Call Imp
  1638 | D:2      | Reached XP level 3. HP: 27/27 MP: 0/6
  1823 | D:2      | Reached XP level 4. HP: 34/34 MP: 5/7
  2077 | D:2      | Learned a level 3 spell: Call Canine Familiar
  2093 | D:3      | Noticed an ice beast
  2112 | D:3      | Killed an ice beast
  2112 | D:3      | Reached skill level 5 in Summonings
  2112 | D:3      | Reached XP level 5. HP: 12/41 MP: 1/9
  2693 | D:3      | Noticed Robin
  2807 | D:3      | Killed Robin
  2807 | D:3      | Reached skill level 1 in Short Blades
  3217 | D:3      | Reached XP level 6. HP: 48/48 MP: 10/10
  3667 | D:4      | Reached skill level 1 in Staves
  3776 | D:4      | Found Nolef's Gadget Boutique.
  3852 | D:4      | Found Ynudubb's Jewellery Boutique.
  4049 | D:4      | Found a shimmering altar of Xom.
  4050 | D:4      | Found an iron altar of Okawaru.
  4088 | D:4      | Found Hiproc's General Store.
  4198 | D:4      | Reached XP level 7. HP: 33/54 MP: 3/12
  4451 | D:4      | Found Strakich's Book Shoppe.
  4460 | D:4      | Bought a book of Hinderance for 200 gold pieces
  4567 | D:5      | Entered Level 5 of the Dungeon
  4789 | D:5      | Found a staircase to the Ecumenical Temple.
  4799 | Temple   | Entered the Ecumenical Temple
  4870 | Temple   | Became a worshipper of Sif Muna the Loreminder
  4908 | D:5      | Reached skill level 5 in Staves
  5161 | D:5      | Found a stormy altar of Qazlal.
  5161 | D:5      | Found a sparkling altar of Nemelex Xobeh.
  5340 | D:5      | Reached XP level 8. HP: 52/60 MP: 13/13
  5348 | D:5      | Learned a level 5 spell: Summon Mana Viper
  5731 | D:6      | Reached skill level 1 in Hexes
  5915 | D:6      | Reached skill level 6 in Summonings
  6260 | D:6      | Acquired Sif Muna's first power
  6463 | D:6      | Reached skill level 7 in Summonings
  6530 | D:7      | Noticed runewalsh's ghost (experienced OpTm)
  6656 | D:7      | Killed runewalsh's ghost
  6656 | D:7      | Reached XP level 9. HP: 42/65 MP: 0/14
  6752 | D:7      | Reached skill level 5 in Hexes
  6791 | D:7      | Acquired Sif Muna's second power
  6791 | D:7      | Reached skill level 8 in Summonings
  7299 | D:8      | Found a staircase to the Lair.
  7312 | D:8      | Reached skill level 1 in Invocations
  7359 | D:8      | Noticed Edmund
  7369 | D:8      | Killed Edmund
  7598 | D:8      | Noticed Psyche
  7610 | D:8      | Killed Psyche
  7610 | D:8      | Reached skill level 9 in Summonings
  8007 | D:8      | Found a bloodstained altar of Trog.
  8007 | D:8      | Found a burning altar of Makhleb.
  8469 | D:9      | Reached XP level 10. HP: 33/72 MP: 15/17
  8490 | D:9      | Got a crude leather armour
  8501 | D:9      | Identified the cursed -5 leather armour of Vehumet's Regard {rF++} (You found it on level 9 of the Dungeon)
  8804 | D:9      | Learned a level 4 spell: Summon Ice Beast
  9382 | D:10     | Entered Level 10 of the Dungeon
  9382 | D:10     | Found a glowing silver altar of Zin.
  9414 | D:10     | Noticed Urug
  9431 | D:10     | Killed Urug
  9431 | D:10     | Reached skill level 10 in Summonings
  9431 | D:10     | Reached skill level 1 in Ice Magic
  9700 | D:10     | Found Kozo's Weapon Boutique.
 10193 | D:11     | Got a smoking short sword
 10194 | D:11     | Identified the cursed -1 short sword "Strogife" {drain, rC+} (You found it on level 11 of the Dungeon)
 10293 | D:11     | Noticed a purple ugly thing
 10303 | D:11     | Killed a purple ugly thing
 10658 | D:11     | Found a staircase to the Orcish Mines.
 10838 | D:11     | Acquired Sif Muna's third power
 10878 | D:11     | Reached XP level 11. HP: 43/77 MP: 20/20
 11149 | D:12     | Noticed Gastronok
 11157 | D:12     | Killed Gastronok
 11301 | D:12     | Noticed a hill giant
 11309 | D:12     | Killed a hill giant
 11483 | D:12     | Noticed a hill giant
 11492 | D:12     | Killed a hill giant
 11492 | D:12     | Reached skill level 5 in Ice Magic
 11680 | D:12     | Found a runed door.
 11695 | D:12     | Noticed a yaktaur captain
 11704 | D:12     | Killed a yaktaur captain
 11843 | D:12     | Reached skill level 11 in Summonings
 12048 | D:12     | Noticed an ettin
 12051 | D:12     | Demolished by an ettin

Action                   |  1- 3 |  4- 6 |  7- 9 | 10-12 || total
-------------------------+-------+-------+-------+-------++-------
Melee: Unarmed           |    36 |       |       |       ||    36
       Dagger            |    57 |   283 |       |       ||   340
       Quarterstaff      |       |    67 |   375 |   356 ||   798
 Cast: Summon Small Mamm |    13 |       |     1 |       ||    14
       Call Imp          |    10 |    22 |     4 |       ||    36
       Call Canine Famil |       |    11 |    11 |    17 ||    39
       Summon Mana Viper |       |       |    14 |    44 ||    58
       Summon Ice Beast  |       |       |       |    12 ||    12
Invok: Channel Energy    |       |       |    12 |    34 ||    46
Evoke: Wand              |       |       |     4 |     1 ||     5
  Use: Potion            |     2 |    16 |    36 |    47 ||   101
       Scroll            |       |     2 |     9 |     8 ||    19
 Stab: Sleeping          |     5 |     7 |     8 |     6 ||    26
       Distracted        |       |     1 |     1 |     2 ||     4
  Eat: Corpse            |    11 |     2 |       |       ||    13
